 Dungeon Crawl Stone Soup version 0.29.0-11-gd7f09526c8 (webtiles) character file.

Game seed: 4163365137799777177

4714 Anamonty the Covert (level 10, -1/67 HPs)
             Began as a Vampire Enchanter on Sept 2, 2022.
             Was an Initiate of Gozag.
             Slain by a killer bee (4 damage)
             ... on level 8 of the Dungeon.
             The game lasted 00:18:22 (8149 turns).

Anamonty the Covert (Vampire Enchanter)             Turns: 8149, Time: 00:18:23

Health: -1/67      AC:  6    Str:  9    XL:     10   Next: 22%
Magic:  2/18       EV: 16    Int: 27    God:    Gozag
Gold:   1028       SH:  0    Dex: 20    Spells: 9/20 levels left

rFire   + . .      SeeInvis +   e - +4 short sword (freeze)
rCold   . . .      Faith    .   (no shield)
rNeg    . . .      Spirit   .   w - +2 robe {rF+}
rPois   .          Reflect  .   (no helmet)
rElec   .          Harm     .   (no cloak)
rCorr   .          Rampage  .   q - +0 pair of gloves
Will    +....                   s - +0 pair of boots
Stlth   ++++++....              (no amulet)
HPRegen 0.41/turn               C - +6 ring of intelligence
MPRegen 0.16/turn               m - +6 ring of dexterity

@: lethally poisoned (-1 -> -6), marked, gold aura, very slightly contaminated,
healing quickly
A: alive, fangs 3, see invisible, vampiric 2
a: Exsanguinate, Renounce Religion, Potion Petition, Call Merchant, Bribe Branch


You were on level 8 of the Dungeon.
You worshipped Gozag.
Gozag was most pleased with you.
You visited 2 branches of the dungeon, and saw 9 of its levels.

You collected 1130 gold pieces.
You paid 102 gold pieces to Gozag.

Inventory:

Hand Weapons
 e - a +4 short sword of freezing (weapon)
 l - a +3 dagger
 o - a +2 dagger of speed
Missiles
 G - a throwing net
Armour
 q - a +0 pair of gloves (worn)
 s - a +0 pair of boots (worn)
 w - a +2 robe of fire resistance (worn)
Jewellery
 h - a ring of protection from fire
 m - a +6 ring of dexterity (right hand)
 C - a +6 ring of intelligence (left hand)
 F - an amulet of guardian spirit
Wands
 v - a wand of roots (5) (quivered)
 y - a wand of mindburst (19)
 z - a wand of flame (31)
Scrolls
 a - a scroll of amnesia {unknown}
 b - 2 scrolls of noise
 f - 2 scrolls of enchant armour
 j - 3 scrolls of magic mapping
 k - 2 scrolls of fear {unknown}
 r - a scroll of enchant weapon {unknown}
 x - 5 scrolls of teleportation
 D - a scroll of poison {unknown}
Potions
 c - 2 potions of invisibility
 d - 2 potions of attraction {unknown}
 g - 2 potions of magic
 i - 3 potions of curing
 n - a potion of cancellation {unknown}
 p - 2 potions of haste
 t - a potion of flight {unknown}
 u - a potion of might {unknown}
 A - a potion of brilliance {unknown}
 B - a potion of lignification {unknown}
 E - a potion of mutation {unknown}


   Skills:
 + Level 2.1 Fighting
 + Level 6.1 Short Blades
 + Level 6.4 Dodging
 * Level 12.9 Stealth
 + Level 5.5 Spellcasting
 * Level 12.0 Hexes


You had 9 spell levels left.
You knew the following spells:

 Your Spells              Type           Power      Damage    Failure   Level
a - Ensorcelled Hibernat  Hex/Ice        80%        N/A       1%          2
b - Tukima's Dance        Hex            64%        N/A       1%          3
c - Confusing Touch       Hex            64%        N/A       1%          3
d - Dazzling Flash        Conj/Hex       80%        N/A       1%          3

Your spell library contained the following spells:

 Spells                   Type           Power      Damage    Failure   Level
 Beastly Appendage        Tmut           14%        N/A       7%          1
 Wereblood                Tmut           7%         N/A       11%         2
 Metabolic Englaciation   Hex/Ice        20%        N/A       16%         5
 Yara's Violent Unravell  Hex/Tmut       20%        3d9       16%         5
 Ignite Poison            Fire/Tmut/Pois 7%         N/A       21%         3
 Mephitic Cloud           Conj/Pois/Air  7%         N/A       21%         3
 Ozocubu's Armour         Ice            7%         N/A       21%         3
 Spider Form              Tmut/Pois      7%         N/A       21%         3
 Enfeeble                 Hex            32%        N/A       38%         7
 Ice Form                 Ice/Tmut       7%         N/A       56%         4
 Freezing Cloud           Conj/Ice/Air   3%         6-21      88%         5
 Haunt                    Necr/Summ      3%         N/A       100%        7
 Infestation              Necr           3%         N/A       100%        8
 Animate Dead             Necr           Unusable   N/A       N/A         4
 Simulacrum               Ice/Necr       Unusable   N/A       N/A         6
 Death's Door             Necr           Unusable   N/A       N/A         9

Dungeon Overview and Level Annotations

Branches:
Dungeon (8/15)             Temple (1/1) D:7
   Lair: D:8-11

Altars:
Ashenzari
Cheibriados
Fedhas
Gozag
Hepliaklqana
Kikubaaqudgha
Makhleb
Nemelex Xobeh
Okawaru
Qazlal
Ru
Sif Muna
Trog
Uskayaw
Vehumet
Wu Jian
Xom

Shops:
D:8 *

Annotations:
D:2 Robin
D:3 2 transporters


Innate Abilities, Weirdness & Mutations

Your natural rate of healing is accelerated.
You have razor-sharp teeth.
You have supernaturally acute eyesight. (SInv)
You are afflicted with vampirism and can become a bat while bloodless.


Message History

The killer bee struggles to escape constriction.
The killer bee barely misses you.
The killer bee stings you but does no damage.
The killer bee struggles to escape constriction.
Casting: Ensorcelled Hibernation (safe; 1% risk of failure)
Confirm with . or Enter, or press ? or * to list all spells.
You don't know that spell.
Aiming: Fastroot
Press: ? - help, Q - select action, (/) - cycle Shift-Dir - straight line The roots erupt in riotous growth!
Roots grab the killer bee.
The grasping roots constrict the killer bee. x2
You feel sick.
The roots release their grip on the killer bee.
The killer bee closely misses you. The killer bee misses you.
The killer bee stings you!
* * * LOW HITPOINT WARNING * * *
You are lethally poisoned!
The killer bee poisons you!
Your +0 shortbow shoots an arrow.
The arrow closely misses the killer bee.
You feel better.
The grasping roots constrict the killer bee.
Your +0 shortbow falls from the air.
The roots release their grip on the killer bee.
The killer bee stings you but does no damage.
The killer bee closely misses you. x2; The killer bee stings you!
* * * LOW HITPOINT WARNING * * *
You are lethally poisoned!
The killer bee poisons you!
Okay, then.
Aiming: Fastroot
Press: ? - help, Q - select action, (/) - cycle Shift-Dir - straight line The roots erupt in riotous growth!
Roots grab the killer bee.
The grasping roots constrict the killer bee.
* * * LOW HITPOINT WARNING * * *
You feel very sick. The killer bee completely misses you.
The killer bee stings you.
You die...
Your body crumbles into a pile of gold.

..........
#.....∩........
#.........$...#
#............!#
#.....).......#
#.............#
#.....!.......#
#....!?.......#
#.....@y......#
#.....y..$....#
#.............#########
#############..........
#.......... #..........
#.......... #..........
###########


You could see 2 killer bees.

Vanquished Creatures
  Pikel (D:3)
  Maggie (D:6)
  A wyvern (D:7)
  Grum (D:8)
  A water moccasin (D:5)
  2 black bears
  An ice beast (D:7)
  2 sky beasts
  4 wolves (D:8)
  2 centaurs
  An ogre (D:7)
  A phantom (D:6)
  Blork the orc (D:6)
  2 kobold brigands
  2 bullfrogs (D:7)
  2 necrophages
  2 gnoll sergeants
  4 scorpions
  4 wights
  6 killer bees (D:8)
  6 hounds
  3 jellies
  2 iguanas
  Natasha (thrice) (D:2)
  2 orc wizards
  14 gnolls
  10 adders
  3 shadow imps
  3 ufetubi
  A worm (D:5)
  3 dart slugs
  28 orcs
  7 ball pythons
  10 endoplasms
  3 giant cockroaches
  14 goblins
  8 hobgoblins
  2 quokkas (D:2)
  4 bats
  6 frilled lizards
  19 kobolds
  5 rats
197 creatures vanquished.

Vanquished Creatures (collateral kills)
  Sigmund (D:6)
  3 wights (D:7)
  2 gnolls
  An orc (D:6)
  A hobgoblin (D:2)
  2 kobolds
10 creatures vanquished.

Vanquished Creatures (others)
  9 dancing weapons
  9 toadstools (D:4)
18 creatures vanquished.

Grand Total: 225 creatures vanquished

Notes
Turn   | Place    | Note
-------+----------+-------------------------------------------
     0 | D:1      | Anamonty the Vampire Enchanter began the quest for the Orb.
     0 | D:1      | Reached XP level 1. HP: 13/13 MP: 3/3
     3 | D:1      | Found a faded altar of an unknown god.
   368 | D:1      | Reached XP level 2. HP: 19/19 MP: 5/5
   376 | D:1      | Learned a level 2 spell: Ensorcelled Hibernation
  1118 | D:2      | Reached skill level 5 in Hexes
  1124 | D:3      | Reached skill level 5 in Stealth
  1124 | D:3      | Gained mutation: You are afflicted with vampirism and can
                  | become a bat while bloodless. [Vampire growth]
  1124 | D:3      | Reached XP level 3. HP: 12/24 MP: 3/6
  1253 | D:3      | Learned a level 3 spell: Tukima's Dance
  1402 | D:3      | Found a transporter.
  1435 | D:3      | Reached XP level 4. HP: 28/30 MP: 3/7
  1656 | D:2      | Noticed Natasha
  1662 | D:2      | Killed Natasha
  1820 | D:3      | Found a transporter.
  2039 | D:4      | Noticed a lemure
  2041 | D:4      | Reached XP level 5. HP: 35/35 MP: 8/8
  2079 | D:2      | Learned a level 3 spell: Confusing Touch
  2227 | D:2      | Noticed Natasha
  2230 | D:2      | Killed Natasha
  2252 | D:2      | Noticed Robin
  2563 | D:2      | Noticed Natasha
  2568 | D:2      | Killed Natasha
  2770 | D:4      | Noticed Pikel
  2770 | D:4      | Noticed a lemure
  2774 | D:4      | Noticed a lemure
  2775 | D:4      | Noticed a lemure
  2823 | D:3      | Killed Pikel
  2824 | D:3      | Reached XP level 6. HP: 18/41 MP: 3/11
  2824 | D:3      | Reached XP level 7. HP: 20/46 MP: 3/12
  2948 | D:4      | Learned a level 3 spell: Dazzling Flash
  3016 | D:4      | Found a blossoming altar of Fedhas.
  3527 | D:4      | You fall into a shaft and drop 3 floors!
  3602 | D:7      | Found a staircase to the Ecumenical Temple.
  3602 | D:7      | Noticed a wyvern
  3614 | D:7      | Killed a wyvern
  3615 | D:7      | Reached XP level 8. HP: 21/52 MP: 7/13
  3717 | Temple   | Entered the Ecumenical Temple
  3729 | Temple   | Became a worshipper of Gozag Ym Sagoz the Greedy
  4014 | D:5      | Entered Level 5 of the Dungeon
  4021 | D:5      | Reached skill level 10 in Stealth
  4112 | D:5      | Reached skill level 5 in Dodging
  5190 | D:5      | Reached skill level 10 in Hexes
  5190 | D:5      | Reached XP level 9. HP: 57/57 MP: 12/15
  5641 | D:6      | Noticed Maggie
  5645 | D:6      | Killed Maggie
  5646 | D:6      | Reached skill level 5 in Short Blades
  5656 | D:6      | Noticed Blork the orc
  5674 | D:6      | Killed Blork the orc
  5688 | D:6      | Noticed Sigmund
  5797 | D:6      | Killed Sigmund
  5978 | D:6      | Found a sparkling altar of Nemelex Xobeh.
  5979 | D:6      | Found a stormy altar of Qazlal.
  6303 | D:6      | Reached skill level 5 in Spellcasting
  6393 | D:6      | Got Pomidaut's Writings on Hypothermia and Shadows
  6440 | D:6      | Found a sacrificial altar of Ru.
  6852 | D:7      | Reached skill level 1 in Fighting
  7874 | D:8      | Noticed Grum
  7899 | D:8      | Reached XP level 10. HP: 44/66 MP: 13/18
  7908 | D:8      | Killed Grum
  8110 | D:8      | Found Comis's Assorted Antiques.
  8149 | D:8      | HP: 3/67 [poisoned by a killer bee]
  8149 | D:8      | Slain by a killer bee

Illustrated notes

Levels and vault maps discovered:
D:1:      amcnicky_arrival_single_pillar, layout_basic, basic_ecumenical_altar
D:2:      layout_basic, uniq_robin, uniq_natasha
D:3:      gammafunk_wand_slinger, layout_rooms, fountainhead,
          lemuel_flame_loot_1
D:4:      cheibrodos_fertilizer, layout_layer_cave, lemuel_crystal_altar,
          uniq_pikel
D:5:      layout_basic, cheibrodos_gnoll_hut
D:6:      layout_loops_ring, chequers_temple_overflow_statue_of_worship,
          dk_noncrumbling_2, item_on_display_b, uniq_blork_the_orc, uniq_maggie,
          uniq_sigmund
D:7:      layout_loops_corners, kennysheep_little_box, minmay_temple_entry_wispy
D:8:      layout_basic, gammafunk_ghost_spectres, serial_shops, shop,
          enter_bailey_5, uniq_grum
Temple:   minmay_freezing_vapour_temple

Skill      XL: |  1  2  3  4  5  6  7  8  9 10 |
---------------+-------------------------------+-----
Hexes          | 5 7 8 10 11 12 | 12.0
Stealth        | 5 6 8 9 10 12 | 12.9
Short Blades   | 2 3 4 5 6 |  6.1
Dodging        | 3 4 5 6 |  6.4
Spellcasting   | 3 4 5 |  5.5
Fighting       | 1 2 |  2.1

Action                   |  1- 3 |  4- 6 |  7- 9 | 10-12 || total
-------------------------+-------+-------+-------+-------++-------
Melee: Dagger            |    75 |    74 |   343 |    17 ||   509
       Bite              |     4 |     4 |    46 |     1 ||    55
       Punch             |     2 |     1 |     5 |       ||     8
       Short sword       |       |       |       |     5 ||     5
 Cast: Ensorcelled Hiber |    11 |    18 |    36 |    10 ||    75
       Tukima's Dance    |       |     6 |    23 |     3 ||    32
       Confusing Touch   |       |       |    13 |     2 ||    15
       Dazzling Flash    |       |       |     4 |     1 ||     5
Evoke: Wand              |       |     2 |       |     3 ||     5
  Use: Scroll            |       |       |     8 |       ||     8
       Potion            |       |       |       |     1 ||     1
 Stab: Sleeping          |     9 |    18 |    58 |     9 ||    94
       Confused          |       |       |    10 |     2 ||    12
       Invisible         |       |       |     4 |       ||     4
       Distracted        |       |       |     2 |       ||     2
Armor: Robe              |    16 |    11 |    46 |     6 ||    79
Dodge: Dodged            |    50 |    38 |   165 |    57 ||   310
